| TOP OF THE 1ST |
|
Miami Beach Marlins batting - Pitching for Palm Beach Nationals : RHP Gabriel Bass
|
|
Pitching: RHP Gabriel Bass
|
|
|
Batting: RHB Bill Atley
|
0-0: Ball 1-0: Foul Ball, location: 2F 1-1: Foul Ball, location: 2F 1-2: Ball 2-2: Foul Ball, location: 2F 2-2: SINGLE (Flyball, 9LS, EV 96.2 MPH)
|
|
Batting: LHB Henry Huezo
|
0-0: Ball 1-0: Called Strike 1-1: Called Strike 1-2: Strikes out swinging
|
|
Batting: RHB Melvin Nava
|
0-0: Ball Bill Atley is caught stealing 2nd base 2-4 1-0: Foul Ball, location: 2F 1-1: Called Strike 1-2: Strikes out swinging
|
| Top of the 1st over - 0 runs, 1 hit, 0 errors, 0 left on base; Miami Beach 0 - Palm Beach 0 |
| BOTTOM OF THE 1ST |
|
Palm Beach Nationals batting - Pitching for Miami Beach Marlins : RHP Ib Skovgaard
|
|
Pitching: RHP Ib Skovgaard
|
|
|
Batting: RHB Tom Lyles
|
0-0: Ball 1-0: Swinging Strike 1-1: Ball 2-1: Foul Ball, location: 2F 2-2: Strikes out looking
|
|
Batting: SHB Tim Schulz
|
0-0: Called Strike 0-1: Swinging Strike 0-2: Ball 1-2: Foul Ball, location: 2F 1-2: Ball 2-2: Strikes out swinging
|
|
Batting: LHB Ken Westfall
|
0-0: Ball 1-0: Ball 2-0: Called Strike 2-1: Ball 3-1: Base on Balls
|
|
Batting: LHB Emery Helm
|
0-0: Called Strike 0-1: Called Strike Ken Westfall is caught stealing 2nd base 2-6
|
| Bottom of the 1st over - 0 runs, 0 hits, 0 errors, 0 left on base; Miami Beach 0 - Palm Beach 0 |
| TOP OF THE 2ND |
|
Miami Beach Marlins batting - Pitching for Palm Beach Nationals : RHP Gabriel Bass
|
|
Batting: SHB Emmet Brickowski
|
0-0: Called Strike 0-1: Foul Ball, location: 2F 0-2: Ball 1-2: Strikes out swinging
|
|
Batting: RHB Orlando Melendres
|
0-0: Ball 1-0: Ball 2-0: Foul Ball, location: 2F 2-1: Foul Ball, location: 2F 2-2: Fly out, F8 (Flyball, 8LD, EV 81.2 MPH)
|
|
Batting: RHB Jim Smallwood
|
0-0: Ball 1-0: Foul Ball, location: 2F 1-1: Foul Ball, location: 2F 1-2: Ball 2-2: Fly out, F8 (Flyball, 8RM, EV 81.9 MPH)
|
| Top of the 2nd over - 0 runs, 0 hits, 0 errors, 0 left on base; Miami Beach 0 - Palm Beach 0 |
| BOTTOM OF THE 2ND |
|
Palm Beach Nationals batting - Pitching for Miami Beach Marlins : RHP Ib Skovgaard
|
|
Batting: LHB Emery Helm
|
0-0: Ball 1-0: Foul Ball, location: 2F 1-1: Ball 2-1: SOLO HOME RUN (Flyball, 9D, EV 98.8 MPH), Distance : 364 ft
|
|
Batting: RHB Larry Myers
|
0-0: Foul Ball, location: 2F 0-1: Ball 1-1: Ball 2-1: Swinging Strike 2-2: Ball 3-2: Base on Balls
|
|
Batting: RHB Vince Parris
|
0-0: Called Strike 0-1: Ball 1-1: Ball 2-1: Called Strike 2-2: Strikes out swinging
|
|
Batting: RHB Mike Hayes
|
0-0: Ball 1-0: Ball 2-0: Ball 3-0: Called Strike 3-1: Swinging Strike 3-2: Foul Ball, location: 2F 3-2: Strikes out swinging
|
|
Batting: RHB Abdul-Ra'uf bin Maimun
|
0-0: Ground out 5-3 (Groundball, 56S, EV 63.1 MPH)
|
| Bottom of the 2nd over - 1 run, 1 hit, 0 errors, 1 left on base; Miami Beach 0 - Palm Beach 1 |
| TOP OF THE 3RD |
|
Miami Beach Marlins batting - Pitching for Palm Beach Nationals : RHP Gabriel Bass
|
|
Batting: RHB Timo Myers
|
0-0: Fly out, F7 (Flyball, 78S, EV 86.2 MPH)
|
|
Batting: RHB Dustin Baker
|
0-0: Ball 1-0: Foul Ball, location: 2F 1-1: Fly out, F9 (Flyball, 9LS, EV 93.1 MPH)
|
|
Batting: RHB Mike Day
|
0-0: Foul Ball, location: 2F 0-1: Foul Ball, location: 2F 0-2: Strikes out swinging
|
| Top of the 3rd over - 0 runs, 0 hits, 0 errors, 0 left on base; Miami Beach 0 - Palm Beach 1 |
| BOTTOM OF THE 3RD |
|
Palm Beach Nationals batting - Pitching for Miami Beach Marlins : RHP Ib Skovgaard
|
|
Batting: SHB Nelson Franco
|
0-0: Ground out 4-3 (Groundball, 4, EV 100.6 MPH)
|
|
Batting: RHB Tom Lyles
|
0-0: Ball 1-0: Foul Ball, location: 2F 1-1: Ball 2-1: Foul Ball, location: 2F 2-2: Ball 3-2: Fly out, F8 (Flyball, 8LM, EV 83.1 MPH)
|
|
Batting: SHB Tim Schulz
|
0-0: Ball 1-0: Foul Ball, location: 2F 1-1: Swinging Strike 1-2: Strikes out swinging
|
| Bottom of the 3rd over - 0 runs, 0 hits, 0 errors, 0 left on base; Miami Beach 0 - Palm Beach 1 |
| TOP OF THE 4TH |
|
Miami Beach Marlins batting - Pitching for Palm Beach Nationals : RHP Gabriel Bass
|
|
Batting: RHB Bill Atley
|
0-0: Ball 1-0: Foul Ball, location: 2F 1-1: Called Strike 1-2: Foul Ball, location: 2F 1-2: Reached on error, E6 (Groundball, 6M, EV 78.8 MPH)
|
|
Batting: LHB Henry Huezo
|
0-0: Called Strike 0-1: Hit by Pitch Bill Atley to second
|
|
Batting: RHB Melvin Nava
|
0-0: Called Strike 0-1: Ball 1-1: Ball 2-1: Swinging Strike 2-2: Foul Ball, location: 2F 2-2: Ball 3-2: 3-RUN HOME RUN (Flyball, 89XD, EV 104.4 MPH), Distance : 430 ft
|
|
Batting: SHB Emmet Brickowski
|
0-0: Foul Ball, location: 2F 0-1: SOLO HOME RUN (Flyball, 89XD, EV 110.6 MPH), Distance : 423 ft
|
|
Batting: RHB Orlando Melendres
|
0-0: Ball 1-0: Foul Ball, location: 2F 1-1: Foul Ball, location: 2F 1-2: Strikes out looking
|
|
Batting: RHB Jim Smallwood
|
0-0: Ball 1-0: Called Strike 1-1: Foul Ball, location: 2F 1-2: Fly out, F8 (Flyball, 8RM, EV 84.4 MPH)
|
|
Batting: RHB Timo Myers
|
0-0: Ball 1-0: Fly out, F6 (Line Drive, 6, EV 76.2 MPH)
|
| Top of the 4th over - 4 runs, 2 hits, 1 error, 0 left on base; Miami Beach 4 - Palm Beach 1 |
| BOTTOM OF THE 4TH |
|
Palm Beach Nationals batting - Pitching for Miami Beach Marlins : RHP Ib Skovgaard
|
|
Batting: LHB Ken Westfall
|
0-0: Called Strike 0-1: Foul Ball, location: 2F 0-2: Ball 1-2: Strikes out looking
|
|
Batting: LHB Emery Helm
|
0-0: Called Strike 0-1: Ball 1-1: SINGLE (Groundball, 6MD, EV 110.6 MPH)
|
|
Batting: RHB Larry Myers
|
0-0: Foul Ball, location: 2F 0-1: Swinging Strike 0-2: Strikes out swinging
|
|
Batting: RHB Vince Parris
|
0-0: Ball 1-0: Foul Ball, location: 2F 1-1: Swinging Strike 1-2: Strikes out swinging
|
| Bottom of the 4th over - 0 runs, 1 hit, 0 errors, 1 left on base; Miami Beach 4 - Palm Beach 1 |
| TOP OF THE 5TH |
|
Miami Beach Marlins batting - Pitching for Palm Beach Nationals : RHP Gabriel Bass
|
|
Batting: RHB Dustin Baker
|
0-0: Called Strike 0-1: SINGLE (Line Drive, 4M, EV 96.2 MPH)
|
|
Batting: RHB Mike Day
|
0-0: Called Strike 0-1: Fly out, F8 (Flyball, 8LXD, EV 86.2 MPH)
|
|
Batting: RHB Bill Atley
|
0-0: Ball 1-0: Grounds into double play, 5-4-3 (Groundball, 56S, EV 85.0 MPH)
|
| Top of the 5th over - 0 runs, 1 hit, 0 errors, 0 left on base; Miami Beach 4 - Palm Beach 1 |
| BOTTOM OF THE 5TH |
|
Palm Beach Nationals batting - Pitching for Miami Beach Marlins : RHP Ib Skovgaard
|
|
Batting: RHB Mike Hayes
|
0-0: Ball 1-0: Fly out, F7 (Flyball, 78D, EV 105.0 MPH)
|
|
Batting: RHB Abdul-Ra'uf bin Maimun
|
0-0: Ball 1-0: Called Strike 1-1: Ball 2-1: Swinging Strike 2-2: Strikes out swinging
|
|
Batting: SHB Nelson Franco
|
0-0: Called Strike 0-1: Ball 1-1: Ball 2-1: Ball 3-1: Base on Balls
|
|
Pitching: RHP Konoye Murakami
|
|
|
Batting: RHB Tom Lyles
|
0-0: Ball 1-0: Ball 2-0: Foul Ball, location: 2F 2-1: Ball 3-1: Foul Ball, location: 2F 3-2: Strikes out swinging
|
| Bottom of the 5th over - 0 runs, 0 hits, 0 errors, 1 left on base; Miami Beach 4 - Palm Beach 1 |
| TOP OF THE 6TH |
|
Miami Beach Marlins batting - Pitching for Palm Beach Nationals : RHP Gabriel Bass
|
|
Batting: LHB Henry Huezo
|
0-0: Swinging Strike 0-1: Ball 1-1: Foul Ball, location: 2F 1-2: Strikes out looking
|
|
Batting: RHB Melvin Nava
|
0-0: Ground out U3 (Groundball, 3, EV 84.4 MPH)
|
|
Batting: SHB Emmet Brickowski
|
0-0: Ball 1-0: Foul Ball, location: 2F 1-1: Ball 2-1: Ball 3-1: Base on Balls
|
|
Batting: RHB Orlando Melendres
|
0-0: Called Strike 0-1: Swinging Strike 0-2: Ball 1-2: Ball Emmet Brickowski steals 2nd base 2-2: Ground out 5-3 (Groundball, 5, EV 101.9 MPH)
|
| Top of the 6th over - 0 runs, 0 hits, 0 errors, 1 left on base; Miami Beach 4 - Palm Beach 1 |
| BOTTOM OF THE 6TH |
|
Palm Beach Nationals batting - Pitching for Miami Beach Marlins : RHP Konoye Murakami
|
|
Batting: SHB Tim Schulz
|
0-0: Called Strike 0-1: Called Strike 0-2: Ball 1-2: Strikes out swinging, 2-3 out at first.
|
|
Batting: LHB Ken Westfall
|
0-0: Foul Ball, location: 2F 0-1: Swinging Strike 0-2: Ball 1-2: Strikes out swinging
|
|
Batting: LHB Emery Helm
|
0-0: Swinging Strike 0-1: Foul Ball, location: 2F 0-2: Ball 1-2: Foul Ball, location: 2F 1-2: Strikes out swinging
|
| Bottom of the 6th over - 0 runs, 0 hits, 0 errors, 0 left on base; Miami Beach 4 - Palm Beach 1 |
| TOP OF THE 7TH |
|
Miami Beach Marlins batting - Pitching for Palm Beach Nationals : RHP Gabriel Bass
|
|
Batting: RHB Jim Smallwood
|
0-0: Ball 1-0: Ball 2-0: Called Strike 2-1: Foul Ball, location: 2F 2-2: Ball 3-2: Fly out, F7 (Flyball, 78S, EV 90.0 MPH)
|
|
Batting: RHB Timo Myers
|
0-0: Ball 1-0: Foul Ball, location: 2F 1-1: Called Strike 1-2: Foul Ball, location: 2F 1-2: Ball 2-2: Foul Ball, location: 2F 2-2: Foul Ball, location: 2F 2-2: Ball 3-2: Strikes out swinging
|
|
Batting: RHB Dustin Baker
|
0-0: Foul Ball, location: 2F 0-1: Ball 1-1: Called Strike 1-2: Strikes out swinging
|
| Top of the 7th over - 0 runs, 0 hits, 0 errors, 0 left on base; Miami Beach 4 - Palm Beach 1 |
| BOTTOM OF THE 7TH |
|
Palm Beach Nationals batting - Pitching for Miami Beach Marlins : RHP Konoye Murakami
|
|
Batting: RHB Larry Myers
|
0-0: Fly out, F9 (Flyball, 9D, EV 104.4 MPH)
|
|
Batting: RHB Vince Parris
|
0-0: Ball 1-0: Ball 2-0: Ball 3-0: Called Strike 3-1: Foul Ball, location: 2F 3-2: Strikes out swinging
|
|
Batting: RHB Mike Hayes
|
0-0: Called Strike 0-1: Ball 1-1: Called Strike 1-2: Ball 2-2: Strikes out looking
|
| Bottom of the 7th over - 0 runs, 0 hits, 0 errors, 0 left on base; Miami Beach 4 - Palm Beach 1 |
| TOP OF THE 8TH |
|
Miami Beach Marlins batting - Pitching for Palm Beach Nationals : RHP Gabriel Bass
|
|
Pitching: RHP Ben Lowe
|
|
|
Batting: RHB Mike Day
|
0-0: Called Strike 0-1: Ball 1-1: Foul Ball, location: 2F 1-2: Strikes out swinging
|
|
Batting: RHB Bill Atley
|
0-0: Ball 1-0: Called Strike 1-1: Ball 2-1: Ball 3-1: Foul Ball, location: 2F 3-2: SINGLE (Flyball, 7S, EV 97.5 MPH)
|
|
Batting: LHB Henry Huezo
|
0-0: Ball Bill Atley is caught stealing 2nd base 2-6 1-0: Called Strike 1-1: Ball 2-1: Foul Ball, location: 2F 2-2: Foul Ball, location: 2F 2-2: Ball 3-2: Foul Ball, location: 2F 3-2: Base on Balls
|
|
Pitching: RHP Steve Mesa
|
|
|
Batting: RHB Melvin Nava
|
0-0: Called Strike Henry Huezo steals 2nd base 0-1: Called Strike 0-2: Ball 1-2: Ball 2-2: Ball 3-2: SINGLE (Groundball, 6MD, EV 103.8 MPH) Henry Huezo to third Runner from 3rd tries for Home, SAFE, throw by CF to home
|
|
Batting: SHB Emmet Brickowski
|
0-0: Ball 1-0: Ball 2-0: Ball 3-0: Base on Balls Melvin Nava to second
|
|
Batting: RHB Orlando Melendres
|
0-0: Foul Ball, location: 2F 0-1: Ball 1-1: Foul Ball, location: 2F 1-2: Foul Ball, location: 2F 1-2: SINGLE (Line Drive, 56, EV 103.1 MPH) Melvin Nava to third Emmet Brickowski to second Runner from 3rd tries for Home, SAFE, throw by LF to home
|
|
Batting: RHB Jim Smallwood
|
0-0: Ball 1-0: Ball 2-0: Called Strike 2-1: Swinging Strike 2-2: Ball 3-2: Strikes out swinging
|
| Top of the 8th over - 2 runs, 3 hits, 0 errors, 2 left on base; Miami Beach 6 - Palm Beach 1 |
| BOTTOM OF THE 8TH |
|
Palm Beach Nationals batting - Pitching for Miami Beach Marlins : RHP Konoye Murakami
|
|
Batting: RHB Abdul-Ra'uf bin Maimun
|
0-0: Ball 1-0: Ball 2-0: Ball 3-0: Called Strike 3-1: Foul Ball, location: 2F 3-2: Strikes out looking
|
|
Batting: SHB Nelson Franco
|
0-0: Ball 1-0: Ground out 4-3 (Groundball, 4S, EV 93.1 MPH)
|
|
Batting: RHB Tom Lyles
|
0-0: Ball 1-0: Called Strike 1-1: Ball 2-1: Ball 3-1: Base on Balls
|
|
Batting: SHB Tim Schulz
|
0-0: Called Strike 0-1: Ball 1-1: Ball 2-1: Called Strike 2-2: Hit by Pitch Tom Lyles to second
|
|
Pitching: RHP Jimmy Serna
|
|
|
Batting: LHB Ken Westfall
|
0-0: Called Strike 0-1: Ball Wild Pitch! Tom Lyles to third Tim Schulz to second 1-1: Ball 2-1: Foul Ball, location: 2F 2-2: Strikes out swinging
|
| Bottom of the 8th over - 0 runs, 0 hits, 0 errors, 2 left on base; Miami Beach 6 - Palm Beach 1 |
| TOP OF THE 9TH |
|
Miami Beach Marlins batting - Pitching for Palm Beach Nationals : RHP Steve Mesa
|
|
Pinch Hitting: LHB Luis Ortegon
|
0-0: Ball 1-0: Ball 2-0: Foul Ball, location: 2F 2-1: Foul Ball, location: 2F 2-2: Foul Ball, location: 2F 2-2: Ball 3-2: Foul Ball, location: 2F 3-2: DOUBLE (Line Drive, 9LS, EV 98.1 MPH)
|
|
Batting: SHB Brent King
|
0-0: Ball 1-0: SINGLE (Groundball, 4MD, EV 103.1 MPH) Luis Ortegon to third Throwing error, E8 Luis Ortegon scores Brent King to second
|
|
Batting: RHB Mike Day
|
0-0: Ball 1-0: Fly out, F2 (Popup, 13S, EV 84.4 MPH)
|
|
Batting: RHB Bill Atley
|
0-0: Ball 1-0: Foul Ball, location: 2F 1-1: Ball 2-1: Ball 3-1: DOUBLE (Line Drive, 7LM, EV 104.4 MPH) Brent King scores
|
|
Batting: LHB Henry Huezo
|
0-0: Called Strike 0-1: 2-RUN HOME RUN (Flyball, 89XD, EV 115.0 MPH), Distance : 428 ft
|
|
Batting: RHB Melvin Nava
|
0-0: Called Strike 0-1: Foul Ball, location: 2F 0-2: Fly out, F4 (Flyball, 4MD, EV 86.9 MPH)
|
|
Batting: SHB Emmet Brickowski
|
0-0: Ball 1-0: Foul Ball, location: 2F 1-1: Ball 2-1: Called Strike 2-2: Ball 3-2: Base on Balls
|
|
Batting: RHB Orlando Melendres
|
0-0: Ball 1-0: Ball 2-0: Called Strike 2-1: Ball 3-1: Base on Balls Emmet Brickowski to second
|
|
Batting: RHB Jim Smallwood
|
0-0: Ball 1-0: Ball 2-0: Called Strike 2-1: Called Strike 2-2: Foul Ball, location: 2F 2-2: Fly out, F5 (Popup, 5F, EV 63.8 MPH)
|
| Top of the 9th over - 4 runs, 4 hits, 1 error, 2 left on base; Miami Beach 10 - Palm Beach 1 |
| BOTTOM OF THE 9TH |
|
Palm Beach Nationals batting - Pitching for Miami Beach Marlins : RHP Jimmy Serna
|
|
Now at 3B: Chris Harlow
|
|
|
Batting: LHB Emery Helm
|
0-0: Swinging Strike 0-1: Swinging Strike 0-2: Foul Ball, location: 2F 0-2: Ball 1-2: Ball 2-2: SINGLE (Line Drive, 4D, EV 108.8 MPH)
|
|
Batting: LHB Dusty Jones
|
0-0: Called Strike 0-1: Called Strike 0-2: Grounds into double play, 4-6-3 (Groundball, 4, EV 87.5 MPH)
|
|
Pinch Hitting: RHB Greg Bennett
|
0-0: Ball 1-0: Swinging Strike 1-1: Foul Ball, location: 2F 1-2: Strikes out swinging
|
| Bottom of the 9th over - 0 runs, 1 hit, 0 errors, 0 left on base; Miami Beach 10 - Palm Beach 1 |
|